 Dungeon Crawl Stone Soup version 0.17.1-3-g152610e (webtiles) character file.

336 Urist the Magician (level 6, -4/37 HPs)
             Began as a High Elf Wizard on Apr 7, 2016.
             Was a Follower of Vehumet.
             Slain by a worker ant (7 damage)
             ... on level 6 of the Dungeon.
             The game lasted 00:17:17 (3363 turns).

Urist the Magician (High Elf Wizard)                Turns: 3363, Time: 00:17:17

Health: -4/37      AC:  2    Str:  7    XL:     6   Next: 28%
Magic:  13/16      EV: 13    Int: 24    God:    Vehumet [*.....]
Gold:   179        SH:  0    Dex: 13    Spells: 7 memorised, 4 levels left

rFire  x x .     SeeInvis .     t - +0 quarterstaff
rCold  . . .     Clarity  .     a - +0 robe
rNeg   . . .     SustAt   .     (shield currently unavailable)
rPois  .         Gourm    .     b - +0 hat
rElec  x         Spirit   .     (no cloak)
rCorr  .         Warding  .     (no gloves)
rMut   .         Stasis   .     (no boots)
MR     .....                    (no amulet)
Stlth  ++........               (no ring)
                                (no ring)

@: lethally poisoned (-4 -> -8), not resistant to hostile enchantments,
unstealthy
A: heat vulnerability 2, electricity vulnerability
a: Renounce Religion


You were on level 6 of the Dungeon.
You worshipped Vehumet.
Vehumet was aware of your devotion.
You were very hungry.

You visited 1 branch of the dungeon, and saw 6 of its levels.

You collected 179 gold pieces.

Inventory:

Hand Weapons
 f - a +0 spear
 t - a +0 quarterstaff (weapon)
Armour
 a - a +0 robe (worn)
 b - a +0 hat (worn)
Wands
 k - a wand of slowing (19)
 l - a wand of flame (48)
Scrolls
 g - a scroll of random uselessness {unknown}
 i - a scroll of blinking {unknown}
 j - a scroll of immolation {unknown}
 m - a scroll of fear {unknown}
 o - a scroll of enchant armour {unknown}
 q - 3 scrolls of identify {unknown}
 r - a scroll of magic mapping {unknown}
 s - a scroll of noise {unknown}
 u - 3 scrolls of remove curse {unknown}
Books
 c - a book of Minor Magic

   Spells                             Type                      Level
   a - Magic Dart                     Conjuration                  1
   b - Blink                          Translocation                2
   c - Call Imp                       Summoning                    2
   d - Repel Missiles                 Charms/Air                   2
   e - Slow                           Hexes                        2
   f - Conjure Flame                  Conjuration/Fire             3
   g - Mephitic Cloud                 Conjuration/Poison/Air       3
Comestibles
 d - 2 bread rations
 h - 2 meat rations
 p - 4 fruits


   Skills:
 + Level 0.6 Fighting
 + Level 0.1 Polearms
 + Level 2.8 Dodging
 + Level 2.8 Stealth
 + Level 6.1 Spellcasting
 + Level 2.9 Conjurations
 + Level 2.0 Summonings
 + Level 1.5 Translocations
 + Level 0.4 Fire Magic
 + Level 0.5 Air Magic
 + Level 0.2 Evocations


You had 4 spell levels left.
You knew the following spells:

 Your Spells              Type           Power        Failure   Level  Hunger
a - Magic Dart            Conj           ###.         1%          1    None
b - Blink                 Tloc           N/A          8%          2    None
c - Call Imp              Summ           ###.....     6%          2    None
d - Repel Missiles        Chrm/Air       #.....       12%         2    None
e - Mephitic Cloud        Conj/Pois/Air  ##......     17%         3    #......
f - Slow                  Hex            #.......     12%         2    None
g - Flame Tongue          Conj/Fire      ###..        4%          1    None


Dungeon Overview and Level Annotations

Branches:
Dungeon (6/15)             Temple (0/1) D:4

Altars:
Fedhas
Makhleb
Nemelex Xobeh
Okawaru
Qazlal
Sif Muna
Vehumet

Shops:
D:4 *


Innate Abilities, Weirdness & Mutations

[You are very vulnerable to heat.]
[You are vulnerable to electric shocks.]


Message History

The worker ant is heavily wounded.
The worker ant barely misses you.
Casting: Flame Tongue
Confirm with . or Enter, or press ? or * to list all spells.
Aiming: Magic Dart
Press: ? - help, Shift-Dir - straight line, f/p - worker ant
Aim: a worker ant (heavily wounded)
The magic dart hits the worker ant.
The worker ant is heavily wounded.
You feel sick. The worker ant bites you.
* * * LOW HITPOINT WARNING * * *
Casting: Magic Dart
Confirm with . or Enter, or press ? or * to list all spells.
Aiming: Flame Tongue
Press: ? - help, Shift-Dir - straight line, f/p - worker ant
Aim: a worker ant (heavily wounded)
The flame tongue hits the worker ant.
The worker ant is severely wounded.
The worker ant bites you!
You die...

###
#.#
#a#
#@#
#.#
#.#
#.#
#.#
#.#
..#
###


You could see a worker ant.

Vanquished Creatures
  An orc warrior (D:5)
  A hound (D:4)
  Jessica (D:4)
  2 orc wizards
  3 adders
  A worm (D:4)
  8 orcs
  A ball python (D:1)
  10 bats
  11 hobgoblins
  4 jackals
  A kobold (D:2)
  2 quokkas
  4 giant cockroaches
  5 giant newts
  8 goblins
  9 rats
72 creatures vanquished.

Vanquished Creatures (collateral kills)
  An iguana (D:3)
  An adder (D:2)
  3 orcs
  A hobgoblin (D:3)
  3 jackals (D:2)
  A goblin (D:1)
  2 kobolds (D:1)
  A rat (D:3)
13 creatures vanquished.

Grand Total: 85 creatures vanquished

Notes
Turn   | Place    | Note
--------------------------------------------------------------
     0 | D:1      | Urist the High Elf Wizard began the quest for the Orb.
     0 | D:1      | Reached XP level 1. HP: 11/11 MP: 6/6
   141 | D:1      | Reached skill level 4 in Spellcasting
   145 | D:1      | Reached XP level 2. HP: 17/17 MP: 2/8
   440 | D:1      | Learned a level 2 spell: Blink
   443 | D:1      | Learned a level 2 spell: Call Imp
   446 | D:1      | Learned a level 2 spell: Repel Missiles
   865 | D:1      | Reached XP level 3. HP: 12/21 MP: 1/10
   866 | D:1      | Reached skill level 1 in Summonings
  1280 | D:2      | Found a stormy altar of Qazlal.
  1292 | D:2      | Became a worshipper of Qazlal Stormbringer
  1344 | D:2      | Found a blossoming altar of Fedhas.
  1377 | D:2      | Learned a level 3 spell: Mephitic Cloud
  1396 | D:2      | Found an iron altar of Okawaru.
  1409 | D:2      | Found a sparkling altar of Nemelex Xobeh.
  1572 | D:2      | Reached XP level 4. HP: 27/27 MP: 4/11
  1583 | D:2      | Learned a level 2 spell: Slow
  1704 | D:2      | Found a burning altar of Makhleb.
  1704 | D:2      | Found a radiant altar of Vehumet.
  1708 | D:2      | Fell from the grace of Qazlal
  1708 | D:2      | Became a worshipper of Vehumet
  1898 | D:3      | Reached skill level 5 in Spellcasting
  2527 | D:4      | Reached XP level 5. HP: 22/31 MP: 0/13
  2796 | D:4      | Noticed Jessica
  2802 | D:4      | Killed Jessica
  2802 | D:4      | Reached * piety under Vehumet
  2802 | D:4      | Offered knowledge of Flame Tongue by Vehumet.
  2805 | D:4      | Learned a level 1 spell: Flame Tongue
  2811 | D:4      | Found a deep blue altar of Sif Muna.
  2881 | D:4      | Found a staircase to the Ecumenical Temple.
  2951 | D:4      | Found Voaga's General Store.
  3148 | D:5      | Entered Level 5 of the Dungeon
  3157 | D:5      | Noticed an orc warrior
  3174 | D:5      | Killed an orc warrior
  3174 | D:5      | Reached skill level 6 in Spellcasting
  3174 | D:5      | Reached XP level 6. HP: 26/37 MP: 1/16
  3307 | D:5      | Noticed a water elemental
  3307 | D:5      | Noticed a fire elemental
  3363 | D:6      | Slain by a worker ant

Action                   |  1- 3 |  4- 6 || total
-------------------------+-------+-------++-------
Melee: Unarmed           |     1 |       ||     1
       Spear             |    18 |    24 ||    42
       Quarterstaff      |       |     6 ||     6
 Cast: Magic Dart        |    80 |    75 ||   155
       Call Imp          |    12 |    15 ||    27
       Blink             |     1 |     7 ||     8
       Repel Missiles    |     2 |       ||     2
       Flame Tongue      |       |    21 ||    21
Evoke: Wand              |     4 |     4 ||     8
  Use: Potion            |       |     6 ||     6
       Scroll            |       |     1 ||     1
 Stab: Distracted        |       |     1 ||     1
  Eat: Bread ration      |     1 |       ||     1
       Fruit             |       |     1 ||     1
       Chunk             |       |     1 ||     1
